 Dungeon Crawl Stone Soup version 0.26.1-16-g4e020e15dc (webtiles) character file.

Game seed: 14715204992555839458

469 BiteMe the Firebug (level 6, -2/51 HPs)
             Began as a Draconian Fire Elementalist on Dec 31, 2023.
             Slain by Grinder (6 damage)
             ... while paralysed by Grinder
             ... on level 5 of the Dungeon.
             The game lasted 00:34:21 (6022 turns).

BiteMe the Firebug (Draconian Fire Elementalist)    Turns: 6022, Time: 00:34:21

Health: -2/51      AC:  6    Str: 10    XL:     6   Next: 82%
Magic:  0/11       EV:  2    Int: 18    God:
Gold:   199        SH:  0    Dex: 11    Spells: 8/12 levels left

rFire    . . .     SeeInvis +   e - +1 mace (drain)
rCold    . . .     Faith    .   (no shield)
rNeg     . . .     Spirit   +   (armour unavailable)
rPois    .         Reflect  .   (helmet restricted)
rElec    .         Harm     .   (no cloak)
rCorr    .         Rampage  .   (no gloves)
Will     .....                  (no boots)
Stlth    ++........             m - amulet of guardian spirit
HPRegen  0.17/turn              w - ring of see invisible
MPRegen  0.12/turn              (no ring)

@: paralysed
A: unfitting armour, cold-blooded, AC +6
a: no special abilities


You were on level 5 of the Dungeon.
You visited 1 branch of the dungeon, and saw 6 of its levels.

You collected 199 gold pieces.

Inventory:

Hand Weapons
 b - a +0 club
 e - a +1 mace of draining (weapon)
 h - a +0 hand axe
 k - a +0 war axe
 o - a +0 flail
 p - a +0 halberd
 q - a +0 spear
 t - a +0 rapier
 v - a +0 morningstar
Missiles
 d - 7 silver boomerangs
 g - 17 arrows
Jewellery
 m - an amulet of guardian spirit (around neck)
 w - a ring of see invisible (left hand)
Scrolls
 l - 3 scrolls of remove curse
 n - a scroll of enchant armour
Potions
 c - a potion of might {unknown}
 f - 2 potions of brilliance
 i - a potion of resistance
 j - 2 potions of mutation {unknown}


   Skills:
 * Level 3.1 Fighting
 + Level 2.7 Dodging
 - Level 1.7 Stealth
 - Level 0.2 Unarmed Combat
 + Level 3.5 Spellcasting
 + Level 2.8 Conjurations
 + Level 5.0 Fire Magic


You had 8 spell levels left.
You knew the following spells:

 Your Spells              Type           Power        Failure   Level
a - Foxfire               Conj/Fire      68%          3%          1
b - Conjure Flame         Conj/Fire      17%          9%          3

Your spell library contained the following spells:

 Spells                   Type           Power        Failure   Level
 Inner Flame              Hex/Fire       12%          17%         3
 Sticky Flame             Conj/Fire      17%          30%         4
 Fireball                 Conj/Fire      8%           63%         5


Dungeon Overview and Level Annotations

Branches:
Dungeon (6/15)
 Temple: D:4-7

Altars:
Ashenzari
Dithmenos
Qazlal

Annotations:
D:5 Grinder


Innate Abilities, Weirdness & Mutations

Your plain brown scales are hard. (AC +6)
You cannot fit into any form of body armour.
You are cold-blooded and may be slowed by cold attacks.


Message History

Found a leather armour.
Casting: Foxfire (safe; 3% risk of failure)
Press: ? - help, Q - select action, (/) - cycle Dir - look around, f - activate You conjure some foxfire!
Grinder blinks!
Your extra speed is starting to run out.
Grinder says, "Mostly I couldn't keep them alive."
You feel yourself slow down.
You hear the rapid hiss of a very distant avalanche of sand.
Grinder says, "My boss said I was rubbish.
His entrails said otherwise."
Grinder blinks!
Grinder gestures at you.
You suddenly lose the ability to move!
Grinder gestures at you. Pain shoots through your body!
* * * LOW HITPOINT WARNING * * *
Grinder hits you.
* * * LOW HITPOINT WARNING * * *
You writhe in agony.
You die...

....##.....##..##..#
#..#.......#)...##..#
#.#.......#..#.##.##
#....._....!......#
#5#.......#..######
#.#.......#..#
#[##.....##..#
#.####5####..#
#.....@......#
#########....# ######


You could see Grinder.

Vanquished Creatures
  A wight (D:6)
  A howler monkey (D:3)
  3 orc wizards
  A hound (D:6)
  A worker ant (D:6)
  A mummy (D:6)
  8 gnolls (D:3)
  7 adders
  A shadow imp (D:6)
  An ufetubus (D:5)
  An ooze (D:2)
  An adder zombie (D:5)
  2 worms
  A dart slug (D:1)
  2 leopard geckos
  3 orcs
  3 ball pythons
  7 bats
  3 giant cockroaches
  6 goblins
  8 hobgoblins
  6 jackals
  A quokka (D:5)
  A frilled lizard (D:3)
  11 kobolds
  6 rats
87 creatures vanquished.

Vanquished Creatures (others)
  246 foxfires
246 creatures vanquished.

Grand Total: 333 creatures vanquished

Notes
Turn   | Place    | Note
-------+----------+-------------------------------------------
     0 | D:1      | BiteMe the Draconian Fire Elementalist began the quest for
                  | the Orb.
     0 | D:1      | Reached XP level 1. HP: 14/14 MP: 3/3
   301 | D:1      | Reached XP level 2. HP: 18/20 MP: 3/5
  1070 | D:1      | Reached skill level 1 in Fighting
  1317 | D:2      | Reached XP level 3. HP: 28/28 MP: 3/6
  1672 | D:2      | Reached XP level 4. HP: 35/35 MP: 3/7
  1730 | D:2      | Reached skill level 4 in Fire Magic
  2326 | D:2      | Found a faded altar of an unknown god.
  3066 | D:3      | Reached XP level 5. HP: 17/41 MP: 0/9
  4473 | D:4      | Learned a level 3 spell: Conjure Flame
  4493 | D:4      | You fall into a shaft and drop 2 floors!
  4675 | D:6      | Reached XP level 6. HP: 50/50 MP: 3/10
  4981 | D:6      | Found a stormy altar of Qazlal.
  5425 | D:5      | Entered Level 5 of the Dungeon
  5445 | D:5      | Found a broken altar of Ashenzari.
  5892 | D:5      | Noticed Grinder
  5895 | D:5      | Found a shadowy altar of Dithmenos.
  5921 | D:5      | Reached skill level 5 in Fire Magic
  5956 | D:5      | Paralysed by Grinder for 6 turns
  5961 | D:5      | HP: 1/51 [Grinder (2)]
  5978 | D:5      | Paralysed by Grinder for 5 turns
  6020 | D:5      | Paralysed by Grinder for 4 turns
  6022 | D:5      | Slain by Grinder

Illustrated notes

Levels and vault maps discovered:
D:1:      saegor_arrival_miasma, layout_loops_ring
D:2:      layout_basic, chequers_ecumenical_altar_lobes
D:3:      minmay_angry_zag, layout_basic
D:4:      layout_cave_pools, pdpol_wu_jian_five_deadly_venoms,
          fedhas_altar_fruit_tree
D:5:      layout_cave_pools, cheibrodos_ashenzari_chains, old_standard_altar,
          minmay_temple_entry_fiery, gup_ossuary_entry_pyramid, st_stairs_7,
          uniq_grinder, uniq_blork_the_orc
D:6:      cheibrodos_barr_body, layout_loops_corners, overflow_temple_1_default,
          zin_treasury

Skill      XL: |  1  2  3  4  5  6 |
---------------+-------------------+-----
Fighting       | 1 2 3 |  3.1
Dodging        | 2 |  2.7
Fire Magic     | 4 5 |  5.0
Conjurations   | 2 |  2.8
Spellcasting   | 3 |  3.5
Stealth        | |  1.7
Unarmed Combat | |  0.2

Action                   |  1- 3 |  4- 6 || total
-------------------------+-------+-------++-------
Melee: Unarmed           |    15 |       ||    15
       Tailslap          |     1 |     8 ||     9
       Club              |     8 |       ||     8
       Mace              |     6 |    72 ||    78
 Cast: Foxfire           |    36 |   111 ||   147
  Use: Scroll            |       |     9 ||     9
       Potion            |       |     6 ||     6
 Stab: Sleeping          |       |     1 ||     1
Armor: Skin              |     5 |    50 ||    55
Dodge: Dodged            |    23 |   108 ||   131
